 Dungeon Crawl Stone Soup version 0.29-a0-91-gdebf4667c2 (webtiles) character file.

Game seed: 17490719846438367549

6342 lordive the Carver (level 10, -1/86 HPs)
             Began as a Minotaur Gladiator on Feb 7, 2022.
             Was an Elder of Cheibriados.
             Slain by a vampire (10 damage)
             ... on level 9 of the Dungeon.
             The game lasted 00:14:25 (10455 turns).

lordive the Carver (Minotaur Gladiator)            Turns: 10455, Time: 00:14:25

Health: -1/86      AC: 14    Str: 32    XL:     10   Next: 64%
Magic:  14/14      EV: 13    Int: 19    God:    Cheibriados [****..]
Gold:   615        SH:  0    Dex: 27    Spells: 9/9 levels left

rFire   . . .      SeeInvis +   p - +4 falchion of Bodily Humours {vorpal, Str+2}
rCold   . . .      Faith    .   (no shield)
rNeg    . . .      Spirit   .   A - +0 plate armour
rPois   .          Reflect  .   c - +0 hat
rElec   .          Harm     .   (no cloak)
rCorr   .          Rampage  .   (no gloves)
Will    .....                   (no boots)
Stlth   ..........              (no amulet)
HPRegen 0.24/turn               B - ring of see invisible
MPRegen 0.14/turn               C - +6 ring of dexterity

@: confused, very slow
A: horns 2, retaliatory headbutt
a: Renounce Religion, Bend Time, Temporal Distortion, Slouch


You were on level 9 of the Dungeon.
You worshipped Cheibriados.
Cheibriados was greatly pleased with you.
You visited 2 branches of the dungeon, and saw 10 of its levels.

You collected 615 gold pieces.

Inventory:

Hand Weapons
 p - the +4 falchion of Bodily Humours (weapon) {vorpal, Str+2}
   (You found it on level 3 of the Dungeon)

   It inflicts extra damage upon your enemies.
   Str:       It affects your strength (+2).
 L - a +0 shortbow
Missiles
 d - 5 throwing nets (quivered)
 M - 57 arrows
Armour
 c - a +0 hat (worn)
 g - the +0 tower shield "Buafuv" {Str+4}
   (You found it on level 7 of the Dungeon)

   Str:       It affects your strength (+4).
 l - a +0 ring mail
 t - a +0 chain mail
 A - a +0 plate armour (worn)
 I - +0 steam dragon scales
 N - +0 acid dragon scales
Jewellery
 i - an amulet of magic regeneration
 u - a ring of protection from cold
 B - a ring of see invisible (left hand)
 C - a +6 ring of dexterity (right hand)
 H - a +6 ring of intelligence
 P - a ring of poison resistance
Wands
 e - a wand of acid (8)
 J - a wand of flame (18)
 K - a wand of charming (6)
Scrolls
 b - 2 scrolls of vulnerability {unknown}
 f - 2 scrolls of summoning {unknown}
 o - 6 scrolls of enchant armour {unknown}
 q - 2 scrolls of noise {unknown}
 r - 2 scrolls of blinking {unknown}
 w - 3 scrolls of teleportation {unknown}
 x - 2 scrolls of holy word {unknown}
 z - a scroll of enchant weapon {unknown}
 E - a scroll of silence {unknown}
 F - 2 scrolls of immolation {unknown}
 G - a scroll of magic mapping {unknown}
 O - a scroll of identify
Potions
 a - a potion of brilliance
 h - 2 potions of flight
 j - 8 potions of curing
 k - a potion of magic
 m - 3 potions of lignification
 n - a potion of resistance
 s - a potion of might
 v - 2 potions of invisibility {unknown}
 D - a potion of heal wounds
Miscellaneous
 y - a phantom mirror


   Skills:
 + Level 7.5 Fighting
 + Level 11.2 Long Blades
 + Level 2.1 Throwing
 + Level 10.5 Armour
 + Level 6.0 Dodging
 + Level 1.3 Stealth
 * Level 6.7 Invocations
 + Level 0.3 Evocations


You had 9 spell levels left.
You didn't know any spells.
Your spell library contained the following spells:

 Spells                   Type           Power      Damage    Failure   Level
 Beastly Appendage        Tmut           0%         N/A       77%         1
 Sandblast                Erth           0%         2d4       77%         1
 Shock                    Conj/Air       0%         1d3       77%         1
 Summon Small Mammal      Summ           0%         N/A       77%         1
 Passwall                 Tmut/Erth      0%         N/A       88%         2
 Wereblood                Tmut           0%         N/A       88%         2
 Call Canine Familiar     Summ           0%         N/A       98%         3
 Conjure Flame            Conj/Fire      0%         6-21      98%         3
 Ignite Poison            Fire/Tmut/Pois 0%         N/A       98%         3
 Spider Form              Tmut/Pois      0%         N/A       98%         3
 Stone Arrow              Conj/Erth      0%         3d7       98%         3
 Summon Guardian Golem    Hex/Summ       0%         N/A       98%         3
 Swiftness                Air            0%         N/A       98%         3
 Tukima's Dance           Hex            0%         N/A       98%         3
 Airstrike                Air            0%         N/A       100%        4
 Anguish                  Hex/Necr       0%         N/A       100%        4
 Sticky Flame             Conj/Fire      0%         2d3       100%        4
 Enfeeble                 Hex            0%         N/A       100%        7


Dungeon Overview and Level Annotations

Branches:
Dungeon (9/15)             Temple (1/1) D:4
   Lair: D:8-11         Orc: D:9-12

Altars:
Ashenzari
Cheibriados
Dithmenos
Fedhas
Hepliaklqana
Kikubaaqudgha
Makhleb
Nemelex Xobeh
Okawaru
Qazlal
Ru
Sif Muna
Trog
Uskayaw
Vehumet
Wu Jian
Xom
Yredelemnul
Zin
The Shining One

Annotations:
D:5 2 runed translucent doors


Innate Abilities, Weirdness & Mutations

You have a pair of horns on your head.
You reflexively headbutt those who attack you in melee.


Message History

You hit the vampire.
The vampire is moderately damaged.
The vampire misses you. The vampire bites you.
The vampire draws strength from your injuries!
You barely miss the vampire. You headbutt the vampire!
The vampire is severely damaged.
The vampire closely misses you. The vampire barely misses you.
You hit the vampire but do no damage.
The vampire is severely damaged.
The vampire closely misses you. The vampire barely misses you.
You completely miss the vampire.
You headbutt the vampire, but do no damage.
The vampire is severely damaged.
You closely miss the vampire.
The vampire is severely damaged.
The vampire draws life force from you!
The vampire is healed by the life force!
You hit the vampire but do no damage. Your headbutt misses the vampire.
The vampire is moderately damaged.
The vampire points at you and mumbles some strange words.
You are confused.
You slash the vampire!
The vampire is severely damaged.
The vampire hits you. The vampire misses you.
You bump into the rock wall.
The vampire hits you but does no damage.
The vampire closely misses you.
You bump into the rock wall.
The vampire draws life force from you!
* * * LOW HITPOINT WARNING * * *
The vampire is healed by the life force!
Unknown command.
You bump into the rock wall.
The vampire barely misses you. The vampire closely misses you.
You bump into the rock wall.
The vampire hits you but does no damage.
The vampire misses you.
You bump into the rock wall.
The vampire hits you!
* * * LOW HITPOINT WARNING * * *
The vampire bites you!
You die...

#........#
#........#
........#
.......
.... ###'#
#...#
#†### #@#
##V#######
#........#
#........#
#........#
'........#
#........#
#........#
######'###


You could see a vampire (invisible).

Vanquished Creatures
  A hydra (D:8)
  A centaur warrior (D:8)
  Maggie (D:7)
  A hornet (D:7)
  Sigmund (D:4)
  A wyvern (D:5)
  A wraith (D:9)
  A steam dragon (D:8)
  An acid dragon (D:8)
  2 black bears
  4 orc warriors
  An ice beast (D:7)
  A sky beast (D:3)
  A hornet zombie (D:7)
  4 ogres
  2 necrophages (D:5)
  A centaur (D:8)
  A phantom (D:6)
  A kobold brigand (D:5)
  5 bullfrogs
  2 gnoll sergeants
  A wyvern zombie (D:6)
  8 scorpions
  A wight (D:5)
  6 killer bees (D:9)
  2 howler monkeys (D:7)
  A centaur zombie (D:6)
  6 jellies
  3 bullfrog zombies
  4 hounds (D:5)
  2 orc priests
  2 bullfrog skeletons (D:6)
  A centaur skeleton (D:6)
  An iguana (D:6)
  6 orc wizards
  A hound zombie (D:5)
  2 howler monkey zombies
  9 gnolls
  A howler monkey skeleton (D:7)
  8 adders
  3 dart slugs
  7 orcs
  5 bats
  15 endoplasms
  3 giant cockroaches
  9 goblins
  7 hobgoblins
  4 jackals
  3 quokkas
  9 ball pythons
  5 frilled lizards
  16 kobolds
  4 rats
189 creatures vanquished.

Vanquished Creatures (others)
  8 fungi (D:3)
  5 toadstools (D:3)
13 creatures vanquished.

Grand Total: 202 creatures vanquished

Notes
Turn   | Place    | Note
-------+----------+-------------------------------------------
     0 | D:1      | lordive the Minotaur Gladiator began the quest for the Orb.
     0 | D:1      | Reached XP level 1. HP: 18/18 MP: 0/0
   176 | D:1      | Reached XP level 2. HP: 15/25 MP: 1/1
   421 | D:1      | Reached skill level 4 in Long Blades
   629 | D:1      | Found a faded altar of an unknown god.
   662 | D:1      | Reached XP level 3. HP: 30/30 MP: 2/2
  1014 | D:2      | Reached skill level 1 in Armour
  1498 | D:2      | Reached XP level 4. HP: 23/38 MP: 3/3
  1767 | D:3      | Found a hazy altar of Hepliaklqana.
  1937 | D:3      | Reached skill level 5 in Long Blades
  2235 | D:3      | Reached XP level 5. HP: 40/45 MP: 4/4
  2356 | D:3      | Found a snail-covered altar of Cheibriados.
  2364 | D:3      | Identified the +4 falchion of Bodily Humours {vorpal,
                  | Str+2}
  2393 | D:3      | Noticed a sky beast
  2413 | D:3      | Killed a sky beast
  2657 | D:3      | Became a worshipper of Cheibriados the Contemplative
  2670 | D:3      | Noticed a black bear
  2676 | D:3      | Killed a black bear
  2677 | D:3      | Reached XP level 6. HP: 52/52 MP: 5/5
  2749 | D:3      | Reached skill level 6 in Long Blades
  3258 | D:4      | You fall into a shaft and drop 1 floor!
  3258 | D:5      | Entered Level 5 of the Dungeon
  3269 | D:5      | Reached * piety under Cheibriados
  3270 | D:5      | Reached skill level 1 in Invocations
  3313 | D:5      | Found a large runed translucent door.
  3313 | D:5      | Noticed an orc warrior
  3314 | D:5      | Found a large runed translucent door.
  3315 | D:5      | Found a large runed translucent door.
  3315 | D:5      | Found a large runed translucent door.
  3324 | D:4      | Found a staircase to the Ecumenical Temple.
  3347 | D:4      | Reached skill level 5 in Dodging
  3428 | D:4      | Noticed an orc warrior
  3443 | D:4      | Reached XP level 7. HP: 22/59 MP: 7/7
  4157 | D:4      | Noticed Sigmund
  4164 | D:4      | Killed Sigmund
  4165 | D:4      | Reached skill level 7 in Long Blades
  4450 | D:4      | Reached skill level 5 in Armour
  4707 | D:5      | Reached XP level 8. HP: 67/67 MP: 7/9
  4968 | D:5      | Reached ** piety under Cheibriados
  4969 | D:5      | Reached skill level 5 in Fighting
  5371 | D:5      | Reached skill level 8 in Long Blades
  5376 | D:5      | Reached skill level 1 in Stealth
  5723 | D:5      | Reached skill level 9 in Long Blades
  5723 | D:5      | Reached XP level 9. HP: 75/75 MP: 11/11
  6324 | D:6      | Reached *** piety under Cheibriados
  6371 | D:6      | Reached skill level 10 in Long Blades
  6371 | D:6      | Reached skill level 5 in Invocations
  6513 | D:6      | Found a basalt altar of Yredelemnul.
  7122 | Temple   | Entered the Ecumenical Temple
  7355 | D:7      | Identified the +0 tower shield "Buafuv" {Str+4}
  8283 | D:7      | Reached XP level 10. HP: 68/86 MP: 13/13
  8572 | D:7      | Noticed Maggie
  8584 | D:7      | Killed Maggie
  9033 | D:8      | Reached **** piety under Cheibriados
  9077 | D:8      | Found a shimmering altar of Xom.
  9077 | D:8      | Noticed a centaur warrior
  9081 | D:8      | Killed a centaur warrior
  9590 | D:8      | Noticed a four-headed hydra
  9597 | D:8      | Killed a four-headed hydra
  9598 | D:8      | Reached skill level 11 in Long Blades
  9598 | D:8      | Reached skill level 10 in Armour
 10206 | D:9      | Found a broken altar of Ashenzari.
 10455 | D:9      | Slain by a vampire

Illustrated notes

Levels and vault maps discovered:
D:1:      minmay_arrival_stair_chambers, layout_basic,
          chequers_ecumenical_altar_simple
D:2:      layout_rooms, minmay_quadrilaterals
D:3:      cheibrodos_fertilizer, layout_basic,
          mainiacjoe_overflow_six_doors_small, cheibriados_altar_1
D:4:      layout_basic, minmay_temple_entry_purple_smoke,
          kennysheep_generic_room_7, uniq_sigmund
D:5:      layout_rooms, columned_hall_lemuel, minmay_misc_feat_alley,
          minmay_hollow_rounded_squares
D:6:      layout_basic, overflow_temple_1_default, kennysheep_potato
D:7:      layout_basic, dk_noncrumbling_4, minmay_misc_feat_hallway, uniq_maggie
D:8:      layout_cave_pools, old_standard_altar, minivault_23
D:9:      layout_roguey, mainiacjoe_overflow_24_doors, serial_shops,
          nicolae_shop_hallway_stairs, kennysheep_generic_room_11
Temple:   regret_index_temple_waves

Skill      XL: |  1  2  3  4  5  6  7  8  9 10 |
---------------+-------------------------------+-----
Long Blades    | 4 5 6 7 9 10 11 | 11.2
Armour         | 1 2 3 5 6 8 10 | 10.5
Dodging        | 4 5 6 |  6.0
Fighting       | 3 4 5 7 |  7.5
Invocations    | 1 2 4 5 6 |  6.7
Stealth        | 1 |  1.3
Throwing       | |  2.1
Evocations     | |  0.3

Action                   |  1- 3 |  4- 6 |  7- 9 | 10-12 || total
-------------------------+-------+-------+-------+-------++-------
Melee: Long sword        |    79 |    47 |       |       ||   126
       Headbutt          |     5 |    18 |    48 |    21 ||    92
       Punch             |       |     2 |     1 |     1 ||     4
       Falchion          |       |    39 |   233 |    75 ||   347
Evoke: Wand              |       |       |       |     6 ||     6
  Use: Potion            |       |       |     2 |       ||     2
       Scroll            |       |       |     7 |     1 ||     8
 Stab: Sleeping          |     1 |       |       |       ||     1
Armor: Leather armour    |    23 |       |       |       ||    23
       Ring mail         |       |    24 |     2 |       ||    26
       Chain mail        |       |       |   101 |       ||   101
       Plate armour      |       |       |     3 |    37 ||    40
Dodge: Dodged            |    56 |    64 |   112 |    76 ||   308

Table legend: (Time is in decaauts)
 A = Elapsed time spent in this place.
 B = Non-inter-level travel time spent in this place.
 C = Inter-level travel time spent in this place.
 D = Time resting spent in this place.
 E = Time spent auto-exploring this place.
 F = Levels seen in this place.
 G = Mean time per level.
                   A        B        C        D        E       F      G
               +--------+--------+--------+--------+--------+-----+--------+
         Total |  12746 |  12043 |    703 |   1519 |   9097 |  10 | 1274.6 |
       Dungeon |  12518 |  11843 |    675 |   1519 |   8940 |   9 | 1390.9 |
        Temple |    228 |    200 |     28 |      0 |    156 |   1 |  228.0 |
               +--------+--------+--------+--------+--------+-----+--------+

Top non-repeatable levels by time:
     D:7: 2239 daAuts
     D:4: 1811 daAuts
     D:6: 1747 daAuts
     D:8: 1548 daAuts
     D:5: 1469 daAuts
     D:3: 1362 daAuts
     D:1: 1012 daAuts
     D:2: 907 daAuts
     D:9: 420 daAuts
  Temple: 228 daAuts
